 Dungeon Crawl Stone Soup version 0.19.4-9-g45fd643 (webtiles) character file.

12322 sveltemanboy the Carver (level 11, -2/55 HPs)
             Began as a Vine Stalker Gladiator on Feb 16, 2017.
             Was a Priest of Ashenzari.
             Slain by a molten gargoyle
             ... wielding a +2 mace of protection
              (4 damage)
             ... in a volcano.
             The game lasted 00:28:12 (11074 turns).

sveltemanboy the Carver (Vine Stalker Gladiator)   Turns: 11074, Time: 00:28:13

Health: -2/55      AC: 10    Str: 18    XL:     11   Next: 91%
Magic:  0/18       EV: 14    Int: 11    God:    Ashenzari [***...]
Gold:   695        SH:  6    Dex: 15    Spells: 0 memorised, 10 levels left

rFire  . . .     SeeInvis +     a - +1 double sword
rCold  . . .     Gourm    .     g - +0 ring mail
rNeg   . . .     Faith    +     y - +0 buckler (curse)
rPois  +         Spirit   +     (helmet restricted)
rElec  .         Reflect  .     (no cloak)
rCorr  .         Harm     .     (no gloves)
MR     +....                    I - +1 pair of boots
Stlth  +.........               D - amulet of faith (curse)
                                w - ring of poison resistance
                                G - +2 ring of protection

@: no status effects
A: fangs 3, horns 1, repulsion field 1, regeneration 1, magic shield, antimagic
bite, no device heal 3, rot immunity
a: Curse Item, Scrying, Renounce Religion


You were in a volcano.
You worshipped Ashenzari.
Ashenzari was most pleased with you.
You were not hungry.

You visited 3 branches of the dungeon, and saw 13 of its levels.
You also visited: Volcano.

You collected 920 gold pieces.
You spent 225 gold pieces at shops.

Inventory:

Hand Weapons
 a - a +1 double sword (weapon)
 b - a +0 falchion of flaming
Missiles
 d - 3 throwing nets (quivered)
Armour
 g - a +0 ring mail (worn)
 y - a cursed +0 buckler (worn)
 I - a +1 pair of boots (worn)
Jewellery
 l - an uncursed ring of positive energy
 w - a ring of poison resistance (right hand)
 D - a cursed amulet of faith (around neck)
 F - an uncursed ring of protection from cold
 G - a +2 ring of protection (left hand)
Wands
 k - a wand of polymorph (8/24)
 q - a wand of confusion (0/48)
 E - a wand of iceblast (4/15)
 M - a wand of slowing (5/48)
Scrolls
 o - 2 scrolls of teleportation
 s - 3 scrolls of magic mapping
 v - 3 scrolls of identify
 x - 2 scrolls of blinking
Potions
 e - a potion of flight
 h - a potion of magic
 i - 2 potions of berserk rage
 j - 6 potions of curing
 m - a potion of agility
 p - 2 potions of resistance
 r - 2 potions of brilliance
 t - a potion of lignification
 u - 2 potions of cancellation
Books
 J - a book of Minor Magic

   Spells                             Type                      Level
   a - Magic Dart                     Conjuration                  1
   b - Blink                          Translocation                2
   c - Call Imp                       Summoning                    2
   d - Repel Missiles                 Charms/Air                   2
   e - Slow                           Hexes                        2
   f - Conjure Flame                  Conjuration/Fire             3
   g - Mephitic Cloud                 Conjuration/Poison/Air       3
 L - a book of Misfortune

   Spells                             Type                      Level
   a - Confusing Touch                Hexes                        1
   b - Confuse                        Hexes                        3
   c - Gell's Gravitas                Hexes/Translocation          3
   d - Petrify                        Transmutation/Earth          4
   e - Metabolic Englaciation         Hexes/Ice                    5
   f - Yara's Violent Unravelling     Hexes/Transmutation          5
Comestibles
 c - 8 chunks of flesh
 f - 7 bread rations
 n - 2 beef jerkies
 A - 21 fruits
 B - 8 meat rations
 C - 12 slices of pizza


   Skills:
 + Level 5.1 Fighting
 * Level 12.2 Long Blades
 - Level 1.7 Throwing
 - Level 4.0 Armour
 - Level 3.0 Dodging
 - Level 5.0(6.8) Shields
 + Level 8.5 Evocations


You had 10 spell levels left.
You didn't know any spells.

Dungeon Overview and Level Annotations

Branches:
Dungeon (11/15)            Temple (1/1) D:4            Lair (1/6) D:11
    Orc (0/2) D:10

Altars:
Ashenzari
Cheibriados
Dithmenos
Elyvilon
Fedhas
Gozag
Hepliaklqana
Kikubaaqudgha
Makhleb
Nemelex Xobeh
Okawaru
Qazlal
Ru
Trog
Uskayaw
Vehumet
Xom
Yredelemnul
Zin
The Shining One
Beogh

Shops:
D:5 *


Innate Abilities, Weirdness & Mutations

You have razor-sharp teeth.
Your natural rate of healing is unusually fast.
When hurt, damage is shared between your health and your magic reserves.
Your bite disrupts and absorbs the magic of your enemies.
Potions and wands cannot restore your health.
You are immune to rotting.
You have a pair of small horns on your head.
You are surrounded by a mild repulsion field. (EV +2)


Message History

You hit the fire elemental.
You headbutt the fire elemental, but do no damage.
The fire elemental is heavily damaged.
The fire elemental hits you. The fire elemental burns you!
* * * LOW HITPOINT WARNING * * *
Unknown command.
You slice the molten gargoyle!! You bite the molten gargoyle.
You drain its power.
You feel invigorated.
The molten gargoyle is severely damaged.
The fire elemental hits you. The fire elemental burns you!
* * * LOW HITPOINT WARNING * * *
The molten gargoyle barely misses you.
You riposte.
You hit the molten gargoyle.
Your headbutt misses the molten gargoyle.
Your bite misses the molten gargoyle.
The molten gargoyle is severely damaged.
The fire elemental hits you. The fire elemental burns you!
* * * LOW HITPOINT WARNING * * *
The molten gargoyle hits you with a mace of protection.
You die...

* ≈ ##* ### ,
#§.** ##.### ≈
##.§§ ##...§##
.§§§§.#§...≈§#
§§§§≈.'§.∩.§§#
§≈≈≈≈≈##E.≈≈≈#
*
#≈≈≈≈≈##@9≈≈≈#
≈ ,##≈###
#...≈≈# # ***
..∩.§§# ≈ *,
** #....≈§#
##...≈## ≈ ≈
,* ##.### , *
* ### , * ,


You could see a fire elemental and a molten gargoyle.

Vanquished Creatures
  A hydra (D:11)
  Harold (D:11)
  Erolcha (D:9)
  2 unseen horrors (D:10)
  Pikel (D:5)
  A komodo dragon (D:10)
  An efreet (Volcano)
  Grinder (D:4)
  4 blink frogs (Lair:1)
  A hippogriff (D:9)
  2 dream sheep (D:11)
  A shadow (D:11)
  11 yaks
  2 hungry ghosts
  A warg (D:10)
  4 orc warriors
  3 slaves (D:5)
  An ice beast (D:7)
  3 sky beasts
  2 black bears
  4 centaurs
  8 ogres
  4 big kobolds (D:11)
  9 bullfrogs
  A wyvern skeleton (D:9)
  A wyvern zombie (D:8)
  4 scorpions
  3 killer bees (D:10)
  2 howler monkeys
  A bullfrog zombie (D:7)
  4 crimson imps
  2 hounds
  2 quasits
  2 bullfrog skeletons
  4 orc priests
  4 iguanas
  6 orc wizards
  7 worker ants
  A hound skeleton (D:5)
  A howler monkey zombie (D:7)
  Robin (D:3)
  11 gnolls
  10 adders
  A howler monkey skeleton (D:7)
  2 shadow imps (D:10)
  An adder zombie (D:5)
  4 worms
  4 dart slugs
  5 leopard geckos
  62 orcs
  9 giant cockroaches
  18 goblins
  11 hobgoblins
  7 jackals
  4 quokkas
  A ball python (D:2)
  4 bats
  7 frilled lizards
  A jackal skeleton (D:4)
  13 kobolds
  A leopard gecko zombie (D:7)
  A quokka skeleton (D:4)
  4 rats
296 creatures vanquished.

Vanquished Creatures (others)
  A fire vortex (Volcano)
  7 plants (D:11)
8 creatures vanquished.

Grand Total: 304 creatures vanquished

Notes
Turn   | Place    | Note
-------+----------+-------------------------------------------
     0 | D:1      | sveltemanboy the Vine Stalker Gladiator began the quest for the Orb.
     0 | D:1      | Reached XP level 1. HP: 11/11 MP: 2/2
   195 | D:1      | Reached XP level 2. HP: 14/15 MP: 3/3
   489 | D:1      | Reached skill level 1 in Armour
   636 | D:1      | Reached skill level 3 in Long Blades
   636 | D:1      | Reached XP level 3. HP: 11/18 MP: 1/4
  1551 | D:2      | Gained mutation: Your natural rate of healing is unusually fast. [Vine Stalker growth]
  1551 | D:2      | Reached XP level 4. HP: 19/23 MP: 5/5
  1598 | D:2      | Found a faded altar of an unknown god.
  2018 | D:3      | Reached skill level 1 in Evocations
  2018 | D:3      | Reached XP level 5. HP: 21/26 MP: 6/6
  2292 | D:3      | Found a sparkling altar of Nemelex Xobeh.
  2318 | D:3      | Reached skill level 4 in Long Blades
  2321 | D:3      | Noticed Robin
  2324 | D:3      | Killed Robin
  2970 | D:3      | Reached XP level 6. HP: 30/30 MP: 8/8
  2971 | D:3      | Found an ancient bone altar of Kikubaaqudgha.
  3505 | D:4      | Found a staircase to the Ecumenical Temple.
  3514 | Temple   | Entered the Ecumenical Temple
  3687 | Temple   | Became a worshipper of Ashenzari the Shackled
  3750 | D:4      | Reached skill level 5 in Long Blades
  3759 | D:4      | Reached XP level 7. HP: 22/35 MP: 9/9
  3912 | D:4      | Found a snail-covered altar of Cheibriados.
  4170 | D:4      | Noticed Grinder
  4202 | D:4      | Paralysed by Grinder for 5 turns
  4208 | D:4      | Killed Grinder
  4208 | D:4      | Reached skill level 6 in Long Blades
  4623 | D:5      | Entered Level 5 of the Dungeon
  4689 | D:5      | Reached * piety under Ashenzari
  4709 | D:5      | Gained mutation: You have razor-sharp teeth. [Vine Stalker growth]
  4709 | D:5      | Reached XP level 8. HP: 35/39 MP: 11/11
  4765 | D:5      | Noticed Pikel
  4791 | D:5      | Killed Pikel
  4791 | D:5      | Reached skill level 7 in Long Blades
  5153 | D:5      | Found Dyckemof's Desiderata Depot.
  5183 | D:5      | Bought a +0 double sword for 225 gold pieces
  5456 | D:6      | Found a basalt altar of Yredelemnul.
  5482 | D:6      | Found a glowing golden altar of the Shining One.
  5489 | D:6      | Found a hazy altar of Hepliaklqana.
  5553 | D:6      | Found a blossoming altar of Fedhas.
  5589 | D:6      | Reached XP level 9. HP: 40/42 MP: 13/13
  5674 | D:6      | Reached skill level 8 in Long Blades
  5674 | D:6      | Reached skill level 1 in Shields
  5800 | D:6      | Reached ** piety under Ashenzari
  6042 | D:6      | Found a shimmering altar of Xom.
  6059 | D:6      | Found a sacrificial altar of Ru.
  6059 | D:6      | Found a sparkling altar of Nemelex Xobeh.
  6061 | D:6      | Found a bloodstained altar of Trog.
  6061 | D:6      | Found a hazy altar of Hepliaklqana.
  6061 | D:6      | Found a sparkling altar of Nemelex Xobeh.
  6283 | D:7      | Reached skill level 5 in Evocations
  7481 | D:9      | Reached skill level 9 in Long Blades
  7486 | D:9      | Gained mutation: Your body sometimes deteriorates upon taking damage. [mutagenic meat]
  7487 | D:9      | Gained mutation: Your magical capacity is low. (-10% MP) [mutagenic meat]
  7487 | D:9      | Lost mutation: Your magical capacity is low. (-10% MP) [potion of cure mutation]
  7487 | D:9      | Lost mutation: Your body sometimes deteriorates upon taking damage. [potion of cure mutation]
  7488 | D:9      | Noticed Erolcha
  7497 | D:9      | Killed Erolcha
  7497 | D:9      | Reached XP level 10. HP: 46/46 MP: 15/15
  7550 | D:9      | Found a stormy altar of Qazlal.
  7719 | D:9      | Reached *** piety under Ashenzari
  7961 | D:9      | Found a roughly hewn altar of Beogh.
  8011 | D:9      | Reached skill level 10 in Long Blades
  8467 | D:8      | Noticed a hill giant
  8487 | D:8      | Noticed a cyclops
  8487 | D:8      | Noticed a hill giant
  8524 | D:10     | Entered Level 10 of the Dungeon
  8916 | D:10     | Found a staircase to the Orcish Mines.
  9102 | D:10     | Reached skill level 5 in Shields
  9249 | D:10     | Noticed an unseen horror
  9264 | D:10     | Killed an unseen horror
  9268 | D:10     | Noticed an unseen horror
  9287 | D:10     | Killed an unseen horror
  9287 | D:10     | Reached XP level 11. HP: 21/52 MP: 15/17
  9497 | D:10     | Reached skill level 11 in Long Blades
  9768 | D:11     | Found a staircase to the Lair.
  9860 | D:11     | Noticed Harold
  9933 | D:11     | Killed Harold
 10078 | D:11     | Noticed a three-headed hydra
 10085 | D:11     | Killed a one-headed hydra
 10211 | D:11     | HP: 2/54 [komodo dragon (17)]
 10222 | D:10     | HP: 1/54 [shadow imp/nerve-wracking pain (8)]
 10339 | D:10     | Gained mutation: You are surrounded by a mild repulsion field. (EV +2) [mutagenic meat]
 10340 | D:10     | Gained mutation: You have a pair of small horns on your head. [mutagenic meat]
 10720 | Lair:1   | Entered Level 1 of the Lair of Beasts
 10931 | Lair:1   | Reached skill level 12 in Long Blades
 10982 | Lair:1   | Reached skill level 5 in Fighting
 11046 | Lair:1   | Found a dark tunnel.
 11056 | Volcano  | Entered a volcano
 11073 | Volcano  | HP: 1/55 [fire elemental (7)]
 11074 | Volcano  | Slain by a molten gargoyle

Skill      XL: |  1  2  3  4  5  6  7  8  9 10 11 |
---------------+----------------------------------+-----
Fighting       | 2 3 5 |  5.1
Armour         | 1 2 3 4 |  4.0
Long Blades    | 3 4 5 6 7 9 10 12 | 12.2
Dodging        | 3 |  3.0
Evocations     | 1 2 3 4 6 7 8 |  8.5
Shields        | 3 5 |  5.0
Throwing       | |  1.7

Action                   |  1- 3 |  4- 6 |  7- 9 | 10-12 || total
-------------------------+-------+-------+-------+-------++-------
Melee: Long sword        |    12 |       |       |       ||    12
       Bite              |    17 |    60 |   105 |   166 ||   348
       Dagger            |    55 |   167 |   333 |   323 ||   878
       Double sword      |       |       |     5 |   153 ||   158
       Headbutt          |       |       |       |    21 ||    21
       Falchion          |       |       |       |     4 ||     4
Throw: Throwing net      |       |       |     4 |     3 ||     7
Invok: Scrying           |       |       |       |     1 ||     1
       Curse Item        |       |       |       |     2 ||     2
Evoke: Wand              |       |     2 |     7 |    17 ||    26
  Use: Scroll            |       |       |     5 |     7 ||    12
       Potion            |       |       |     1 |     7 ||     8
 Stab: Confused          |       |     2 |     3 |     2 ||     7
       Held in net/web   |       |       |       |     1 ||     1
  Eat: Chunk             |     2 |     7 |    14 |    16 ||    39
       Fruit             |       |       |     1 |       ||     1
Armor: Ring mail         |    10 |    42 |    67 |   114 ||   233
Dodge: Dodged            |    28 |   104 |   164 |   190 ||   486
Block: Buckler           |       |       |       |    40 ||    40
       Rpst.: Long sword |     3 |       |       |       ||     3
       Double sword      |       |       |       |    17 ||    17
